 Dungeon Crawl Stone Soup version 0.28-a0-1199-gef9e1dbd39 (webtiles) character file.

Game seed: 15490080717675083280

2552 fragbeetle the Spear-Bearer (level 9, -6/106 HPs)
             Began as a Merfolk Gladiator on Dec 19, 2021.
             Was an Initiate of Gozag.
             Mangled by Harold (11 damage)
             ... on level 7 of the Dungeon.
             The game lasted 00:21:38 (8919 turns).

fragbeetle the Spear-Bearer (Merfolk Gladiator)     Turns: 8919, Time: 00:21:39

Health: -6/106     AC:  8    Str: 16    XL:     9   Next: 56%
Magic:  9/9        EV: 17    Int: 10    God:    Gozag
Gold:   381        SH:  0    Dex: 21    Spells: 1/8 levels left

rFire   . . .      SeeInvis .   a - +1 trident
rCold   . . .      Faith    .   (no shield)
rNeg    . . .      Spirit   .   i - +3 leather armour
rPois   .          Reflect  .   c - +0 helmet
rElec   .          Harm     .   l - +0 cloak
rCorr   .          Rampage  .   (no gloves)
Will    .....                   (no boots)
Stlth   ..........              E - amulet of regeneration
HPRegen 1.07/turn               b - ring of flight
MPRegen 0.11/turn               z - +6 ring of dexterity

@: berserking (expiring), lethally poisoned (-6 -> -6), weak-willed, marked,
gold aura, flying, studying Unarmed Combat, very quick
A: (nimble swimmer 2), mertail
a: Renounce Religion, Potion Petition, Call Merchant, Bribe Branch


You were on level 7 of the Dungeon.
You worshipped Gozag.
Gozag was aware of your devotion.
You visited 2 branches of the dungeon, and saw 8 of its levels.

You collected 476 gold pieces.
You paid 95 gold pieces to Gozag.

Inventory:

Hand Weapons
 a - a +1 trident (weapon)
Missiles
 d - 6 throwing nets
 f - 7 poisoned darts (quivered)
 h - 168 stones
 C - 4 boomerangs
Armour
 c - a +0 helmet (worn)
 i - a +3 leather armour (worn)
 l - a +0 cloak (worn)
Jewellery
 b - a ring of flight (left hand)
 p - a ring of fire
 z - a +6 ring of dexterity (right hand)
 E - an amulet of regeneration (around neck)
Wands
 q - a wand of mindburst (8)
 r - a wand of paralysis (4)
 v - a wand of iceblast (5)
Scrolls
 k - 4 scrolls of identify
 o - 2 scrolls of enchant armour
 t - 3 scrolls of vulnerability
 A - a scroll of immolation
Potions
 e - a potion of cancellation {unknown}
 m - a potion of berserk rage
 n - a potion of attraction {unknown}
 u - a potion of haste {unknown}
 w - a potion of might {unknown}
 x - a potion of resistance {unknown}
 B - 2 potions of flight {unknown}
 D - a potion of magic {unknown}
 G - a potion of curing {unknown}


   Skills:
 + Level 6.5 Fighting
 + Level 9.2 Polearms
 - Level 2.0 Throwing
 - Level 4.0 Armour
 + Level 8.4 Dodging
 + Level 3.8 Translocations
 + Level 3.1 Poison Magic


You had one spell level left.
You knew the following spells:

 Your Spells              Type           Power      Damage    Failure   Level
a - Gell's Gravitas       Tloc           7%         N/A       28%         3
b - Olgreb's Toxic Radia  Pois           6%         N/A       77%         4

Your spell library contained the following spells:

 Spells                   Type           Power      Damage    Failure   Level
 Sting                    Tmut/Pois      12%        1d3       24%         1
 Pain                     Necr           0%         1d4       41%         1
 Lesser Beckoning         Tloc           7%         N/A       28%         3
 Teleport Other           Tloc           7%         N/A       28%         3
 Poisonous Vapours        Pois/Air       6%         N/A       36%         2
 Portal Projectile        Hex/Tloc       6%         N/A       52%         3
 Call Canine Familiar     Summ           0%         N/A       80%         3
 Leda's Liquefaction      Hex/Erth       0%         N/A       99%         4
 Agony                    Necr           0%         N/A       100%        5
 Alistair's Intoxication  Tmut/Pois      2%         N/A       100%        5
 Borgnjor's Vile Clutch   Necr/Erth      0%         N/A       100%        5
 Excruciating Wounds      Necr           0%         N/A       100%        5
 Eringya's Noxious Bog    Tmut/Pois      1%         N/A       100%        6


Dungeon Overview and Level Annotations

Branches:
Dungeon (7/15)             Temple (1/1) D:6

Altars:
Ashenzari
Cheibriados
Dithmenos
Elyvilon
Fedhas
Gozag
Hepliaklqana
Kikubaaqudgha
Makhleb
Nemelex Xobeh
Okawaru
Qazlal
Ru
Sif Muna
Trog
Uskayaw
Vehumet
Yredelemnul
Zin
The Shining One

Shops:
D:3 *

Annotations:
D:2 exclusion: scorpion
D:4 Sigmund
D:7 Dowan, Duvessa, Harold, Joseph, Maggie


Innate Abilities, Weirdness & Mutations

((You are quick and stealthy near water. (Stealth+, EV+, Speed+++)))
Your lower body shifts to a powerful aquatic tail in water.


Message History

You feel sick.
Duvessa seems to regain her courage.
Duvessa misses you.
Dowan mumbles some strange words.
Dowan blinks!
Harold says, "Ah, this is what I got into this business for!"
Harold zaps a wand.
You suddenly lose the ability to move!
You feel sick. Duvessa hits you with a +0 short sword!
* * * LOW HITPOINT WARNING * * *
Cornered, Maggie turns to fight!
Dowan casts a spell.
Dowan blinks!
Harold zaps a wand.
You shrug off the repeated paralysis!
The now-empty wand crumbles to dust.
You feel sick. Duvessa hits you with a +0 short sword.
* * * LOW HITPOINT WARNING * * *
Dowan casts a spell.
Dowan blinks!
You feel sick.
Maggie's inner flame fades away.
Duvessa hits you with a +0 short sword!
* * * LOW HITPOINT WARNING * * *
Dowan mumbles some strange words.
Dowan blinks!
You can move again.
Unknown command.
It was a potion of berserk rage.
A red film seems to cover your vision as you go berserk!
You feel yourself moving faster!
You feel mighty!
You feel sick. Duvessa hits you with a +0 short sword.
* * * LOW HITPOINT WARNING * * *
Dowan gestures wildly while chanting.
Dowan blinks!
Unknown command.
You are too berserk!
Unknown command.
You are too berserk!
You feel a strong urge to attack something.
Harold's inner flame fades away.
Duvessa's inner flame fades away.
Dowan casts a spell.
Dowan blinks!
Maggie misses you. The wyvern zombie misses you.
You feel sick. Harold hits you with a +0 mace!
You die...
Your body crumbles into a pile of gold.

*,****,*,**####.*##.......###.#
******,#........#####.#.#..##..
#,,,,#....,,...##.#...#.....#
**#.####...#####.##.#####...###
*,,....,............#.$.....#
*,,,,...,#.######.#.#.#####.##
*,.,,,#.##....#...#.Z.# #..#
*,....#.....#.#Z####### #).#
*,.....?....e.@.@...# #..#*
*,...######...@e....# #..##
*,,,,* #..§......# #..#. *,,,,*
#.........# #.... ******
#.........#### #....
#....§.......# ##...
#########....# #... #....# #...
###### #...


You could see Harold (weak-willed), Maggie (weak-willed), Duvessa (weak-willed),
Dowan (inner flame, fleeing, weak-willed) and a wyvern zombie.

Vanquished Creatures
  A wyvern (D:5)
  4 water moccasins
  3 sky beasts
  2 black bears
  A hornet zombie (D:6)
  A necrophage (D:5)
  An ogre (D:4)
  3 centaurs
  A phantom (D:4)
  A bullfrog (D:7)
  A scorpion (D:5)
  A water moccasin skeleton (D:5)
  5 wights (D:6)
  A centaur zombie (D:6)
  4 hounds
  An orc wizard (D:6)
  4 iguanas
  A hound skeleton (D:4)
  11 gnolls
  8 adders
  A shadow imp (D:5)
  2 white imps (D:6)
  2 worms
  5 dart slugs
  6 orcs
  7 bats
  8 endoplasms
  3 giant cockroaches
  10 goblins
  7 hobgoblins
  7 jackals
  3 quokkas
  7 ball pythons
  5 frilled lizards (D:2)
  10 kobolds
  7 rats
145 creatures vanquished.

Notes
Turn   | Place    | Note
-------+----------+-------------------------------------------
     0 | D:1      | fragbeetle the Merfolk Gladiator began the quest for the
                  | Orb.
     0 | D:1      | Reached XP level 1. HP: 16/16 MP: 1/1
   189 | D:1      | Reached XP level 2. HP: 15/23 MP: 2/2
   523 | D:1      | Found a faded altar of an unknown god.
   632 | D:1      | Reached XP level 3. HP: 27/28 MP: 3/3
  1241 | D:2      | Reached skill level 1 in Armour
  1243 | D:2      | Reached skill level 5 in Polearms
  1361 | D:2      | Reached XP level 4. HP: 33/34 MP: 4/4
  1602 | D:2      | Reached skill level 5 in Dodging
  1688 | D:2      | Noticed a scorpion
  1994 | D:2      | Reached XP level 5. HP: 28/41 MP: 5/5
  2532 | D:3      | Found Wanimon's Assorted Antiques.
  3549 | D:4      | Learned a level 3 spell: Gell's Gravitas
  3576 | D:4      | Noticed a phantom
  3766 | D:4      | Noticed a centaur
  3767 | D:4      | Noticed a centaur
  3772 | D:4      | Killed a centaur
  3773 | D:4      | Reached skill level 6 in Polearms
  3773 | D:4      | Reached XP level 6. HP: 37/48 MP: 6/6
  3776 | D:4      | Reached skill level 1 in Translocations
  4099 | D:4      | Reached XP level 7. HP: 30/54 MP: 7/7
  4584 | D:4      | Noticed Sigmund
  4774 | D:5      | Entered Level 5 of the Dungeon
  4930 | D:5      | Reached skill level 7 in Polearms
  5150 | D:5      | Reached XP level 8. HP: 35/61 MP: 8/8
  5323 | D:5      | Reached skill level 5 in Fighting
  5335 | D:5      | Found a burning altar of Makhleb.
  5411 | D:5      | Noticed a wyvern
  5435 | D:5      | Killed a wyvern
  6147 | D:5      | Reached skill level 8 in Polearms
  6277 | D:6      | Learned a level 4 spell: Olgreb's Toxic Radiance
  6331 | D:6      | Found a staircase to the Ecumenical Temple.
  6361 | D:5      | Reached skill level 1 in Poison Magic
  6710 | D:6      | Reached XP level 9. HP: 48/69 MP: 9/9
  6765 | Temple   | Entered the Ecumenical Temple
  7068 | Temple   | Became a worshipper of Gozag Ym Sagoz the Greedy
  7376 | D:6      | Found an iron altar of Okawaru.
  8326 | D:7      | Reached skill level 9 in Polearms
  8678 | D:7      | Noticed Joseph
  8881 | D:7      | Noticed Maggie
  8881 | D:7      | Noticed Dowan
  8882 | D:7      | Noticed Harold
  8883 | D:7      | Noticed Duvessa
  8913 | D:7      | Paralysed by Harold for 4 turns
  8917 | D:7      | HP: 5/106 [Duvessa (4)]
  8919 | D:7      | Mangled by Harold

Illustrated notes

Levels and vault maps discovered:
D:1:      ncdulo_halloftheorcs, layout_loops_corners,
          shapermc_ecumenical_altar_notcrosses
D:2:      minmay_wonky_spiral, layout_loops_cross, grunt_decor_resistance,
          minmay_misc_feat_x, grunt_decor_one_mirror, minivault_14,
          minmay_indecisive_spiral
D:3:      kb_forest_paths, layout_loops_ring, serial_shops, shop_fountains
D:4:      layout_loops_ring, minmay_manual_mares, uniq_sigmund
D:5:      layout_rooms, makhleb_heckhound_becter
D:6:      layout_rooms, kennysheep_okawaru_gauntlet,
          minmay_temple_entry_water_ring, minmay_misc_feat_chi,
          chequers_serial_rivers_small_3, kennysheep_generic_room_16
D:7:      layout_basic, uniq_harold, uniq_maggie, uniq_duvessa, uniq_joseph
Temple:   dpeg_five_rooms_temple

Skill      XL: |  1  2  3  4  5  6  7  8  9 |
---------------+----------------------------+-----
Armour         | 1 2 3 4 |  4.0
Polearms       | 5 6 7 8 9 |  9.2
Fighting       | 3 4 5 6 |  6.5
Dodging        | 5 6 7 8 |  8.4
Translocations | 1 2 3 |  3.8
Poison Magic   | 1 3 |  3.1
Throwing       | |  2.0

Action                   |  1- 3 |  4- 6 |  7- 9 || total
-------------------------+-------+-------+-------++-------
Melee: Trident           |   113 |   154 |   422 ||   689
       Tailslap          |       |     2 |       ||     2
Throw: Dart              |       |     1 |    11 ||    12
       Stone             |       |       |     1 ||     1
Evoke: Wand              |       |     3 |     4 ||     7
  Use: Scroll            |       |       |     9 ||     9
       Potion            |       |       |     1 ||     1
 Stab: Sleeping          |     3 |     2 |     1 ||     6
       Paralysed         |       |       |     3 ||     3
Armor: Leather armour    |    32 |    36 |   126 ||   194
Dodge: Dodged            |    87 |   103 |   300 ||   490

Table legend: (Time is in decaauts)
 A = Elapsed time spent in this place.
 B = Non-inter-level travel time spent in this place.
 C = Inter-level travel time spent in this place.
 D = Time resting spent in this place.
 E = Time spent auto-exploring this place.
 F = Levels seen in this place.
 G = Mean time per level.
                   A        B        C        D        E       F      G
               +--------+--------+--------+--------+--------+-----+--------+
         Total |   8870 |   8060 |    810 |   2422 |   3174 |   8 | 1108.8 |
       Dungeon |   8536 |   7753 |    783 |   2422 |   2884 |   7 | 1219.4 |
        Temple |    333 |    306 |     27 |      0 |    290 |   1 |  333.0 |
               +--------+--------+--------+--------+--------+-----+--------+

Top non-repeatable levels by time:
     D:5: 1917 daAuts
     D:3: 1521 daAuts
     D:1: 1187 daAuts
     D:6: 1168 daAuts
     D:4: 1078 daAuts
     D:2: 1060 daAuts
     D:7: 602 daAuts
  Temple: 333 daAuts
